 Dungeon Crawl Stone Soup version 0.23.2-33-g5129a83184 (webtiles) character file.

Game seed: 14142595020241946451

490 spacecarp the Skirmisher (level 6, -10/56 HPs)
             Began as a Draconian Abyssal Knight on July 7, 2019.
             Was a Believer of Lugonu.
             Killed by divine providence
             ... invoked by an orc priest
              (12 damage)
             ... on level 6 of the Dungeon.
             The game lasted 00:24:02 (4065 turns).

spacecarp the Skirmisher (Draconian Abyssal Knight) Turns: 4065, Time: 00:24:03

Health: -10/56     AC:  6    Str: 17    XL:     6   Next: 90%
Magic:  7/7        EV: 13    Int: 12    God:    Lugonu [**....]
Gold:   306        SH:  0    Dex: 10    Spells: 5/5 levels left

rFire    + . .     SeeInvis .   a - +1 spear
rCold    . . .     Gourm    .   (no shield)
rNeg     . . .     Faith    .   (armour unavailable)
rPois    .         Spirit   .   (helmet restricted)
rElec    .         Reflect  .   (no cloak)
rCorr    .         Harm     .   (no gloves)
MR       .....                  (no boots)
Stlth    ++........             (no amulet)
HPRegen  0.18/turn              (no ring)
MPRegen  0.10/turn              (no ring)

@: lethally poisoned (-10 -> -13), very slightly contaminated
A: unfitting armour, fire resistance 1, evolution 1, cold-blooded, AC +6
a: Depart the Abyss, Bend Space, Renounce Religion


You were on level 6 of the Dungeon.
You worshipped Lugonu.
Lugonu was pleased with you.
You were not hungry.

You visited 1 branch of the dungeon, and saw 6 of its levels.
You visited the Abyss 1 time.

You collected 306 gold pieces.

Inventory:

Hand Weapons
 a - a +1 spear (weapon)
Armour
 b - a +0 ring mail
Magical Staves
 e - an uncursed staff of power {unknown}
Scrolls
 c - a scroll of magic mapping {unknown}
 m - a scroll of amnesia {unknown}
 n - a scroll of remove curse
 o - a scroll of enchant armour {unknown}
Potions
 d - a potion of mutation
Comestibles
 f - a ration


   Skills:
 + Level 5.1 Fighting
 + Level 4.8 Polearms
 + Level 3.8 Dodging
 + Level 2.2 Stealth
 + Level 2.2 Invocations


You had 5 spell levels left.
You didn't know any spells.
Your spell library was empty.

Dungeon Overview and Level Annotations

Branches:
Dungeon (6/15)
 Temple: D:4-7

Altars:
Kikubaaqudgha


Innate Abilities, Weirdness & Mutations

Your plain brown scales are hard. (AC +6)
You cannot fit into any form of body armour.
You are cold-blooded and may be slowed by cold attacks.
Your flesh is heat resistant. (rF+)
You evolve.


Message History

Blink to where?
Press: ? - help, Dir - move target cursor You are very lightly contaminated with residual magic.
As you read the scroll of blinking, it crumbles to dust.
* * * LOW HITPOINT WARNING * * *
You feel sick.
You climb downwards. 3 orcs and an orc priest come into view.
* * * LOW HITPOINT WARNING * * *
You feel sick.
Found 21 gold pieces and a ration.
There is a stone staircase leading up here.
* * * LOW HITPOINT WARNING * * *
You feel sick.
The orc shouts!
The orc priest shouts!
The orc shouts! x2
* * * LOW HITPOINT WARNING * * *
You feel sick.
The orc priest invokes the aid of Beogh against you.
Beogh smites you!
You die...

#. #. #. #.
#. ###.
#...## #
##@##
###.#.o.##
.........#
##.....<.#
....o$.#.+
#..o....###
#..%.o..#
###....##
#.$..


You could see an orc priest and 3 orcs.

Vanquished Creatures
  An ice beast (D:3)
  An ogre (D:4)
  3 vampire bats (D:2)
  A hound (D:4)
  A gnoll shaman (D:4)
  5 adders
  4 gnolls
  4 dart slugs
  2 orcs
  6 bats
  4 bat skeletons (D:2)
  2 bat zombies (D:2)
  A giant cockroach (D:1)
  4 goblins
  2 hobgoblins (D:1)
  3 jackals (D:1)
  3 quokkas
  2 ball python skeletons (D:4)
  2 frilled lizards
  2 kobolds
  5 rats (D:1)
58 creatures vanquished.

Notes
Turn   | Place    | Note
-------+----------+-------------------------------------------
     0 | Abyss:1  | spacecarp the Draconian Abyssal Knight began the quest for
                  | the Orb.
     0 | Abyss:1  | Reached XP level 1. HP: 19/19 MP: 2/2
    11 | Abyss:1  | Found a corrupted altar of Lugonu.
    19 | D:1      | Escaped the Abyss
   173 | D:1      | Reached XP level 2. HP: 23/26 MP: 3/3
   566 | D:1      | Reached skill level 4 in Fighting
   764 | D:1      | Reached ** piety under Lugonu
   981 | D:2      | Reached XP level 3. HP: 19/33 MP: 4/4
  1201 | D:2      | Found an ancient bone altar of Kikubaaqudgha.
  1233 | D:2      | Reached skill level 1 in Stealth
  1233 | D:2      | Reached XP level 4. HP: 28/41 MP: 5/5
  1277 | D:2      | Reached XP level 5. HP: 24/47 MP: 6/6
  2289 | D:4      | Noticed an ogre
  2296 | D:4      | Killed an ogre
  2296 | D:4      | Reached XP level 6. HP: 55/55 MP: 7/7
  2394 | D:5      | Entered Level 5 of the Dungeon
  2394 | D:5      | Noticed an ice beast
  2735 | D:3      | Killed an ice beast
  2735 | D:3      | Reached skill level 5 in Fighting
  3294 | D:5      | Noticed a water moccasin
  4059 | D:5      | Gained mutation: Your flesh is heat resistant. (rF+)
                  | [potion of mutation]
  4059 | D:5      | Gained mutation: You evolve. [potion of mutation]
  4065 | D:6      | HP: 2/56 [poisoned by a water moccasin]
  4065 | D:6      | Killed from afar by an orc priest

Skill      XL: |  1  2  3  4  5  6 |
---------------+-------------------+-----
Fighting       | 4 5 |  5.1
Stealth        | 1 2 |  2.2
Polearms       | 3 4 |  4.8
Dodging        | 3 |  3.8
Invocations    | |  2.2

Action                   |  1- 3 |  4- 6 || total
-------------------------+-------+-------++-------
Melee: Spear             |   117 |   223 ||   340
       Tailslap          |     8 |    22 ||    30
Invok: Bend Space        |       |     3 ||     3
  Use: Scroll            |       |     7 ||     7
       Potion            |       |     9 ||     9
 Stab: Sleeping          |     2 |     3 ||     5
       Distracted        |       |     1 ||     1
  Eat: Ration            |       |     3 ||     3
       Chunk             |       |     1 ||     1
Armor: Skin              |    62 |    64 ||   126
Dodge: Dodged            |   107 |   162 ||   269
